 Dungeon Crawl Stone Soup version 0.18.1-48-g4cf74bf (webtiles) character file.

432 tyranidshit the Fighter (level 6, -5/69 HPs)
             Began as a Minotaur Berserker on July 15, 2016.
             Was a Priest of Trog.
             Shot with an arrow by a centaur (10 damage)
             ... on level 5 of the Dungeon.
             The game lasted 00:11:38 (2487 turns).

tyranidshit the Fighter (Minotaur Berserker)        Turns: 2487, Time: 00:11:38

Health: -5/69      AC:  5    Str: 27      XL:     6   Next: 67%
Magic:  5/5        EV:  8    Int:  2 (4)  God:    Trog [***...]
Gold:   149        SH:  9    Dex: 10      Spells: 0 memorised, 5 levels left

rFire  . . .     SeeInvis .     r - +1 hand axe (venom)
rCold  . . .     Gourm    .     f - +0 ring mail
rNeg   . . .     Faith    .     d - +1 shield
rPois  +         Spirit   .     (helmet restricted)
rElec  .         Dismiss  .     (no cloak)
rCorr  .         Reflect  .     (no gloves)
SustAt .         Harm     .     (no boots)
MR     ++...                    (no amulet)
Stlth  ..........               b - +4 ring of strength
                                j - ring of poison resistance

@: regenerating, very resistant to hostile enchantments, extremely unstealthy
A: retaliatory headbutt, horns 2, deterioration 1, robust 1, MP-powered wands
a: Berserk, Trog's Hand, Burn Spellbooks, Renounce Religion


You were on level 5 of the Dungeon.
You worshipped Trog.
Trog was most pleased with you.
You were not hungry.

You visited 1 branch of the dungeon, and saw 5 of its levels.

You collected 149 gold pieces.

Inventory:

Hand Weapons
 r - a +1 hand axe of venom (weapon)
Armour
 d - a +1 shield (worn)
 f - a +0 ring mail (worn)
Jewellery
 b - a +4 ring of strength (right hand)
 j - a ring of poison resistance (left hand)
Wands
 q - a wand of flame (19/48)
Scrolls
 h - a scroll of amnesia
 i - 2 scrolls of recharging
 k - 3 scrolls of remove curse
 l - 3 scrolls of identify
 n - a scroll of teleportation
 o - a scroll of fear {unknown}
Potions
 e - 2 potions of curing
 m - a potion of agility
 p - a potion of haste
Comestibles
 a - a bread ration
 g - 3 meat rations


   Skills:
 + Level 9.1 Fighting
 - Level 3.6 Axes
 - Level 2.4 Armour
 - Level 2.1 Dodging


You had 5 spell levels left.
You didn't know any spells.

Dungeon Overview and Level Annotations

Branches:
Dungeon (5/15)             Temple (0/1) D:4

Altars:
Dithmenos
Xom

Shops:
D:5 *


Innate Abilities, Weirdness & Mutations

You reflexively headbutt those who attack you in melee.
You have a pair of horns on your head.
Your body sometimes deteriorates upon taking damage.
You are robust (+10% HP).
You expend magic power (3 MP) to strengthen your wands.


Message History

The jackal bites you.
* * * LOW HITPOINT WARNING * * *
A jackal comes into view.
You closely miss the jackal. You hit the jackal.
You kill the jackal!
Trog accepts your kill.
The centaur shoots an arrow.
You block the arrow.
The jackal bites you but does no damage.
The centaur shoots an arrow.
The arrow hits you.
* * * LOW HITPOINT WARNING * * *
You block the jackal's attack.
The centaur shoots an arrow.
The arrow hits you!
* * * LOW HITPOINT WARNING * * *
Your body deteriorates!
You feel dopey.
The centaur shoots an arrow.
You block the arrow.
You see here 3 arrows.
You feel sick.
You are no longer poisoned.
The centaur shoots an arrow.
The arrow hits you!
You die...

#.....####.# #.#
#.......##.# #.#
#.....#.##.###.######
#..............#.....
#..<.......##..(..#####
#.#.###...).....†......
###'#########..(..##
#...# #.h#$##### #.∩.#
#.@....... #...#
#............. ##+##
#.###.##.##...# ..# c#
#### #### F# .#


You could see a centaur and a jackal.

Vanquished Creatures
  A water moccasin (D:5)
  A giant frog skeleton (D:4)
  A hound (D:3)
  2 orc wizards (D:4)
  A worker ant (D:4)
  A hound skeleton (D:4)
  4 gnolls (D:4)
  5 adders
  4 oozes
  An adder skeleton (D:4)
  A worm (D:2)
  A dart slug (D:4)
  A giant gecko (D:3)
  9 orcs (D:4)
  2 giant cockroaches (D:1)
  6 goblins
  3 hobgoblins
  10 jackals
  4 kobolds
  A quokka (D:3)
  2 ball pythons (D:4)
  7 bats
  6 giant newts
  8 rats
82 creatures vanquished.

Notes
Turn   | Place    | Note
--------------------------------------------------------------
     0 | D:1      | tyranidshit the Minotaur Berserker began the quest for the Orb.
     0 | D:1      | Reached XP level 1. HP: 19/19 MP: 0/0
   133 | D:1      | Reached skill level 4 in Fighting
   161 | D:1      | Reached XP level 2. HP: 21/27 MP: 1/1
   757 | D:1      | Reached ** piety under Trog
   767 | D:1      | Reached skill level 5 in Fighting
   940 | D:2      | Reached XP level 3. HP: 36/36 MP: 2/2
  1379 | D:3      | Gained mutation: You expend magic power (3 MP) to strengthen your wands. [potion of mutation]
  1379 | D:3      | Gained mutation: You are robust (+10% HP). [potion of mutation]
  1379 | D:3      | Gained mutation: Your body sometimes deteriorates upon taking damage. [potion of mutation]
  1543 | D:3      | Found a shimmering altar of Xom.
  1547 | D:3      | Found a shadowy altar of Dithmenos.
  1582 | D:3      | Reached skill level 6 in Fighting
  1582 | D:3      | Reached XP level 4. HP: 31/48 MP: 3/3
  1989 | D:4      | Reached *** piety under Trog
  2124 | D:4      | Reached XP level 5. HP: 56/56 MP: 4/4
  2137 | D:4      | Reached skill level 7 in Fighting
  2246 | D:4      | Reached skill level 8 in Fighting
  2250 | D:4      | Found a staircase to the Ecumenical Temple.
  2319 | D:4      | Reached XP level 6. HP: 38/67 MP: 5/5
  2445 | D:5      | Entered Level 5 of the Dungeon
  2447 | D:5      | Found Fanwott's Serpentskin Sales.
  2447 | D:5      | Noticed a water moccasin
  2461 | D:5      | Killed a water moccasin
  2461 | D:5      | Reached skill level 9 in Fighting
  2487 | D:5      | Shot with an arrow by a centaur

Skill      XL: |  1  2  3  4  5  6 |
---------------+-------------------+-----
Fighting       | 4 5 6 8 9 |  9.1
Axes           | |  3.6
Armour         | |  2.4
Dodging        | |  2.1

Action                   |  1- 3 |  4- 6 || total
-------------------------+-------+-------++-------
Melee: Hand axe          |    89 |   111 ||   200
       Headbutt          |    12 |    20 ||    32
Invok: Burn Spellbooks   |       |     1 ||     1
       Berserk           |       |     1 ||     1
       Trog's Hand       |       |     1 ||     1
  Use: Scroll            |     4 |     2 ||     6
       Potion            |     7 |     2 ||     9
  Eat: Bread ration      |     1 |     1 ||     2
Armor: Animal skin       |     1 |       ||     1
       Ring mail         |    26 |    49 ||    75
Dodge: Dodged            |    35 |    39 ||    74
Block: Shield            |    28 |    65 ||    93
